 Dungeon Crawl Stone Soup version 0.17.1-3-g152610e (webtiles) character file.

21 godescalc the Chiller (level 2, -1/19 (20) HPs)
             Began as a Ghoul Ice Elementalist on Mar 24, 2016.
             Slain by Sigmund
             ... wielding a +0 scythe
              (11 damage)
             ... on level 2 of the Dungeon.
             The game lasted 00:02:24 (788 turns).

godescalc the Chiller (Ghoul Ice Elementalist)       Turns: 788, Time: 00:02:25

HP:   -1/19 (20)    AC:  3    Str: 11    XL:     2   Next: 87%
MP:   2/4           EV:  6    Int: 10    God:
Gold: 29            SH:  0    Dex:  9    Spells: 1 memorised, 4 levels left

rFire  . . .     SeeInvis .     (no weapon)
rCold  + . .     Clarity  .     e - +0 leather armour
rNeg   + + +     SustAt   .     (no shield)
rPois  ∞         Gourm    .     (no helmet)
rElec  .         Spirit   .     (no cloak)
rCorr  .         Warding  .     (no gloves)
rMut   .         Stasis   .     (no boots)
MR     .....                    (no amulet)
Stlth  +.........               (no ring)
                                (no ring)

@: rotting, not resistant to hostile enchantments, very unstealthy
A: rotting body, claws 1, carnivore 3, cold resistance 1, negative energy
resistance 3, slow regeneration 1, torment resistance, unbreathing
a: no special abilities


You were on level 2 of the Dungeon.
You were not hungry.

You visited 1 branch of the dungeon, and saw 2 of its levels.

You collected 29 gold pieces.

Inventory:

Missiles
 i - 34 poisoned needles
Armour
 a - a +0 robe
 e - a +0 leather armour (worn)
Scrolls
 g - a scroll of fog
 h - a scroll of amnesia {unknown}
Potions
 d - a potion of cancellation {unknown}
 j - a potion of agility {unknown}
 k - a potion of mutation {unknown}
Books
 b - a book of Frost

   Spells                             Type                      Level
   a - Freeze                         Ice                          1
   b - Throw Frost                    Conjuration/Ice              2
   c - Ozocubu's Armour               Charms/Ice                   3
   d - Throw Icicle                   Conjuration/Ice              4
   e - Summon Ice Beast               Ice/Summoning                4
   f - Condensation Shield            Ice                          4
Comestibles
 c - 3 meat rations
 f - a beef jerky


   Skills:
 + Level 0.6 Armour
 - Level 1.7 Dodging
 - Level 2.1 Stealth
 + Level 0.4 Unarmed Combat
 + Level 2.0 Spellcasting
   Level 0.7 Conjurations
 + Level 3.9 Ice Magic


You had 4 spell levels left.
You knew the following spells:

 Your Spells              Type           Power        Failure   Level  Hunger
a - Freeze                Ice            #...         12%         1    ##.....


Dungeon Overview and Level Annotations

Branches:
Dungeon (2/15)

Altars:
Ashenzari
Dithmenos
Kikubaaqudgha
Nemelex Xobeh
Qazlal
Ru
Trog
Yredelemnul
Zin

Annotations:
D:2 Sigmund


Innate Abilities, Weirdness & Mutations

Your body is rotting away.
You thrive on raw meat.
You are immune to poison.
You have sharp fingernails.
You are carnivorous and can eat meat at any time.
Your flesh is cold resistant.
You are immune to negative energy.
You regenerate slowly when monsters are visible.
You are immune to unholy pain and torment.
You can survive without breathing.


Message History

The giant cockroach misses you.
Casting: Freeze
Confirm with . or Enter, or press ? or * to list all spells.
Aiming: Freeze
Press: ? - help, Shift-Dir - straight line, f - giant cockroach
Aim: a giant cockroach (heavily wounded, clinging)
You freeze the giant cockroach.
The giant cockroach is severely wounded.
The giant cockroach bites you.
Casting: Freeze
Confirm with . or Enter, or press ? or * to list all spells.
Aiming: Freeze
Press: ? - help, Shift-Dir - straight line, f/p - giant cockroach
Aim: a giant cockroach (severely wounded, clinging)
You freeze the giant cockroach.
You kill the giant cockroach!
The kobold throws a stone.
The stone barely misses you. The kobold hits you with a dagger.
Something hits you!
Ouch! That really hurt!
You die...

### #@#
#K# #{#
#.# #.#
#######.##
.........#
.........#
.........#
##########


You could see a kobold.

Vanquished Creatures
  An ooze (D:1)
  2 ball pythons
  3 bats
  2 giant cockroaches
  A goblin (D:1)
  2 hobgoblins (D:1)
  2 jackals (D:1)
  A giant newt (D:1)
14 creatures vanquished.

Notes
Turn   | Place    | Note
--------------------------------------------------------------
     0 | D:1      | godescalc the Ghoul Ice Elementalist began the quest for the Orb.
     0 | D:1      | Reached XP level 1. HP: 14/14 MP: 2/2
   206 | D:1      | Reached XP level 2. HP: 2/19 MP: 1/3
   630 | D:2      | Found a bloodstained altar of Trog.
   725 | D:2      | Found an ancient bone altar of Kikubaaqudgha.
   727 | D:2      | Found a stormy altar of Qazlal.
   729 | D:2      | Found a shadowy altar of Dithmenos.
   729 | D:2      | Found a glowing silver altar of Zin.
   730 | D:2      | Found a sacrificial altar of Ru.
   730 | D:2      | Found a shattered altar of Ashenzari.
   730 | D:2      | Found a basalt altar of Yredelemnul.
   730 | D:2      | Found a sparkling altar of Nemelex Xobeh.
   730 | D:2      | Noticed Sigmund
   788 | D:2      | Slain by Sigmund

Action                   || total
-------------------------++-------
Melee: Unarmed           ||    52
 Cast: Freeze            ||    17
  Use: Scroll            ||     1
 Stab: Sleeping          ||     1
  Eat: Chunk             ||    13
